 Dungeon Crawl Stone Soup version 0.28-a0-643-g84cb2ea78e (webtiles) character file.

Game seed: 16907332006248004054

12193 lawman0 the Brawler (level 11, -3/100 HPs)
             Began as a Troll Delver on Oct 10, 2021.
             Was a Follower of Uskayaw.
             Slain by an orc warrior (19 damage)
             ... on level 11 of the Dungeon.
             The game lasted 00:16:09 (9376 turns).

lawman0 the Brawler (Troll Delver)                  Turns: 9376, Time: 00:16:10

Health: -3/100     AC: 11    Str: 23    XL:     11   Next: 59%
Magic:  13/13      EV: 13    Int:  6    God:    Uskayaw [*.....]
Gold:   234        SH:  0    Dex: 19    Spells: 8/10 levels left

rFire   . . .      SeeInvis +     - Unarmed
rCold   . . .      Faith    .   (no shield)
rNeg    . . .      Spirit   .   a - +2 robe {Will+}
rPois   .          Reflect  .   (helmet restricted)
rElec   .          Harm     .   A - +0 cloak
rCorr   .          Rampage  .   (gloves unavailable)
Will    +....                   (boots unavailable)
Stlth   +++.......              C - amulet of magic regeneration
HPRegen 1.26/turn               y - +4 ring of protection
MPRegen 0.38/turn               G - +6 ring of dexterity

@: lethally poisoned (-3 -> -4), slowed, very slow
A: large, unfitting armour, claws 3, regeneration 1, shaggy fur 1, tough skin 1,
see invisible
a: Renounce Religion, Stomp


You were on level 11 of the Dungeon.
You worshipped Uskayaw.
Uskayaw was noncommittal.
You visited 2 branches of the dungeon, and saw 12 of its levels.
You also visited: Ossuary.

You collected 650 gold pieces.
You spent 416 gold pieces at shops.

Inventory:

Missiles
 e - 86 poisoned darts
 t - 3 throwing nets
 D - 7 large rocks (quivered)
Armour
 a - a +2 robe of willpower (worn)
 g - +1 steam dragon scales
 A - a +0 cloak (worn)
Jewellery
 y - a +4 ring of protection (left claw)
 C - an amulet of magic regeneration (around neck)
 G - a +6 ring of dexterity (right claw)
 H - a +6 ring of dexterity
 J - an amulet of the acrobat
Wands
 f - a wand of digging (2)
 n - a wand of paralysis (15)
 p - a wand of flame (23)
 K - a wand of charming (3)
Scrolls
 b - 6 scrolls of fog
 d - 3 scrolls of fear
 i - 2 scrolls of vulnerability {unknown}
 m - a scroll of enchant armour {unknown}
 r - a scroll of silence {unknown}
 v - 4 scrolls of teleportation {unknown}
 z - 2 scrolls of immolation
 E - a scroll of summoning {unknown}
 F - 3 scrolls of brand weapon {unknown}
 I - a scroll of enchant weapon
 M - a scroll of amnesia {unknown}
Potions
 h - a potion of cancellation
 j - a potion of brilliance
 k - 3 potions of flight
 l - a potion of mutation
 q - 2 potions of haste
 s - 3 potions of invisibility
 u - 4 potions of lignification
 w - 5 potions of curing
 x - a potion of heal wounds
 L - a potion of attraction {unknown}


   Skills:
 + Level 4.3 Fighting
 + Level 0.1 Throwing
 + Level 6.1 Dodging
 + Level 4.4 Stealth
 * Level 15.0 Unarmed Combat
 * Level 4.1 Invocations
 + Level 0.5 Evocations


You had 8 spell levels left.
You knew the following spells:

 Your Spells              Type           Power      Damage    Failure   Level
a - Wereblood             Tmut           0%         N/A       58%         2

Your spell library contained the following spells:

 Spells                   Type           Power      Damage    Failure   Level
 Animate Skeleton         Necr           0%         N/A       45%         1
 Pain                     Necr           0%         1d4       45%         1
 Sublimation of Blood     Necr           0%         N/A       58%         2
 Vampiric Draining        Necr           0%         2d6       83%         3
 Fulminant Prism          Conj/Hex       0%         3d6       99%         4
 Iskenderun's Mystic Bla  Conj/Tloc      0%         2d3       99%         4
 Lee's Rapid Deconstruct  Erth           0%         3d5*      100%        5
 Summon Hydra             Summ           0%         N/A       100%        7


Dungeon Overview and Level Annotations

Branches:
Dungeon (11/15)            Temple (1/1) D:7            Lair (0/6) D:11
    Orc (0/2) D:11        Ossuary (visited)

Altars:
Ashenzari
Cheibriados
Dithmenos
Elyvilon
Fedhas
Gozag
Hepliaklqana
Kikubaaqudgha
Makhleb
Nemelex Xobeh
Okawaru
Qazlal
Ru
Sif Muna
Trog
Uskayaw
Vehumet
Wu Jian
Xom
Yredelemnul
Zin
The Shining One

Shops:
D:2 (   D:11 *

Annotations:
D:7 3 runed translucent doors, Cancer's ghost, novice GrCj; gorlok231's ghost, novice GnFi; jasper's ghost, novice DsAr; meatgazer's ghost, novice DsAK; willcat's ghost, amateur HuDe
D:11 2 transporters, pokeman's ghost, journeyman DEWz


Innate Abilities, Weirdness & Mutations

You are too large for most types of armour.
You have claws for hands.
Your natural rate of healing is unusually fast.
You are covered in fur. (AC +1)
You have tough skin. (AC +1)
You have supernaturally acute eyesight. (SInv)


Message History

You stomp with the beat, sending a shockwave through the revellers around you!
You can no longer pass through a line of other dancers.
You feel sick. The kobold brigand closely misses you.
You feel sick.
The kobold brigand throws a curare-tipped dart.
The curare-tipped dart hits you.
You are more poisoned.
You have difficulty breathing.
You feel as though you will be slow longer.
You feel extremely sick.
The kobold brigand hits you with a +0 short sword.
* * * LOW HITPOINT WARNING * * *
The kobold brigand hits you with a +0 short sword.
* * * LOW HITPOINT WARNING * * *
Things that are here:
a +0 trident; a +0 ring mail; an orc corpse You barely miss the kobold brigand.
You feel very sick. The kobold brigand closely misses you.
You mangle the kobold brigand!!
The kobold brigand is severely wounded.
You feel very sick.
The kobold brigand hits you but does no damage.
You miss the kobold brigand.
You claw the kobold brigand, but do no damage.
The kobold brigand is severely wounded.
You feel very sick.
The kobold brigand hits you but does no damage.
You scratch the kobold brigand.
The kobold brigand is severely wounded.
You feel sick.
The kobold brigand hits you with a +0 short sword.
* * * LOW HITPOINT WARNING * * *
You mangle the kobold brigand!!
You kill the kobold brigand!
You feel sick. The orc warrior closely misses you.
Your Unarmed Combat skill increases to level 15!
You closely miss the orc warrior.
You feel sick.
The orc warrior hits you with a +0 battleaxe!!
You die...

..# #.....# #.#######
#.###.### #.#8oo.8# ##.# #....
#.#o.Ko.# #..###.... #.).goo.#
#...>.....
#T#g.go.########..#.#####
#.#8ggo8#.............(.#
#.###########............
####...).oo@................
#...........######....≈...≈≈..
########...## #...≈≈.≈.≈≈≈≈
###.## #..≈≈≈.≈.≈≈≈. #...#
#..≈≈≈≈≈.≈≈≈≈ #.#.#
#..≈≈≈≈≈.≈≈≈. #.#.#
#...≈≈≈≈.≈≈.≈ #.#...#
#...≈≈≈....≈≈ #.###.#
#..≈≈≈...≈.≈≈


You could see an orc warrior and an orc.

Vanquished Creatures
  Harold (D:7)
  A hydra (D:11)
  A two-headed ogre (D:11)
  Pikel (D:5)
  An ugly thing (D:11)
  2 cyclopes
  A gargoyle (D:8)
  A molten gargoyle (D:9)
  An unseen horror (D:10)
  Maggie (D:6)
  4 trolls
  A hornet (D:9)
  A shadow (D:11)
  9 yaks (D:11)
  Eustachio (D:6)
  A water elemental (D:11)
  A wyvern (D:8)
  2 wraiths (D:11)
  A steam dragon (D:4)
  2 water moccasins
  2 orc warriors
  2 centaurs
  2 ogres
  A wolf (D:11)
  2 phantoms (D:5)
  Blork the orc (D:4)
  4 kobold brigands
  A lemure (D:5)
  3 bullfrogs
  A gnoll sergeant (D:11)
  2 scorpions
  An elf zombie (Ossuary)
  A wyvern zombie (D:7)
  2 wyvern skeletons
  A water moccasin skeleton (D:5)
  6 killer bees
  5 howler monkeys
  An electric eel (D:11)
  3 human zombies (Ossuary)
  6 centaur zombies
  10 hounds
  3 jellies
  2 orc priests
  3 bullfrog skeletons
  A centaur skeleton (D:6)
  4 iguanas
  6 orc wizards
  2 mummies (Ossuary)
  2 howler monkey zombies
  15 gnolls
  5 adders
  2 white imps (D:8)
  An adder skeleton (D:4)
  A worm (D:3)
  4 dart slugs
  26 orcs
  6 ball pythons
  A bat (D:3)
  11 endoplasms
  4 giant cockroaches
  10 goblins
  7 hobgoblins
  6 jackals
  6 quokkas
  2 frilled lizards
  A goblin zombie (Ossuary)
  9 hobgoblin zombies (Ossuary)
  3 jackal zombies (Ossuary)
  13 kobolds
  11 kobold zombies (Ossuary)
  7 orc zombies (Ossuary)
  5 rats
  2 rat zombies (Ossuary)
272 creatures vanquished.

Vanquished Creatures (others)
  An ogre (D:11)
  A kobold (D:4)
2 creatures vanquished.

Grand Total: 274 creatures vanquished

Notes
Turn   | Place    | Note
-------+----------+-------------------------------------------
     0 | D:5      | lawman0 the Troll Delver began the quest for the Orb.
     0 | D:5      | Reached XP level 1. HP: 22/22 MP: 0/0
    18 | D:5      | Noticed a hound
    37 | D:5      | Noticed a phantom
    50 | D:5      | Killed a phantom
    51 | D:5      | Reached XP level 2. HP: 18/29 MP: 1/1
    51 | D:5      | Reached XP level 3. HP: 22/36 MP: 2/2
    51 | D:5      | Reached XP level 4. HP: 28/44 MP: 3/3
    85 | D:5      | Found a sand-covered staircase.
    96 | Ossuary  | Entered an ossuary
   287 | Ossuary  | Reached skill level 3 in Unarmed Combat
   287 | Ossuary  | Reached XP level 5. HP: 34/50 MP: 4/4
   359 | Ossuary  | Reached skill level 4 in Unarmed Combat
   385 | Ossuary  | Reached XP level 6. HP: 40/59 MP: 5/5
   644 | D:4      | Reached skill level 5 in Unarmed Combat
   782 | D:4      | Found a shimmering altar of Xom.
   785 | D:4      | Found a shimmering altar of Xom.
   786 | D:4      | Found a shimmering altar of Xom.
   786 | D:4      | Found a shimmering altar of Xom.
   941 | D:4      | Noticed Blork the orc
   950 | D:4      | Killed Blork the orc
   951 | D:4      | Reached skill level 6 in Unarmed Combat
   951 | D:4      | Reached XP level 7. HP: 39/66 MP: 6/6
  1521 | D:4      | Reached skill level 7 in Unarmed Combat
  1596 | D:4      | Noticed a steam dragon
  1620 | D:4      | Killed a steam dragon
  1621 | D:4      | Reached XP level 8. HP: 9/75 MP: 7/7
  1840 | D:5      | Reached skill level 8 in Unarmed Combat
  1874 | D:5      | Noticed Pikel
  1895 | D:5      | Killed Pikel
  1896 | D:5      | Reached skill level 9 in Unarmed Combat
  1999 | D:6      | Noticed Maggie
  2448 | D:5      | Reached skill level 10 in Unarmed Combat
  2448 | D:5      | Reached XP level 9. HP: 64/83 MP: 8/8
  2593 | D:6      | Gained mutation: You have supernaturally acute eyesight.
                  | (SInv) [potion of mutation]
  2609 | D:6      | Killed Maggie
  2653 | D:6      | Noticed Eustachio
  2666 | D:6      | Killed Eustachio
  2970 | D:6      | Reached skill level 11 in Unarmed Combat
  3355 | D:7      | Found a staircase to the Ecumenical Temple.
  3364 | Temple   | Entered the Ecumenical Temple
  3506 | Temple   | Became a worshipper of Uskayaw the Reveller
  3597 | D:7      | Reached * piety under Uskayaw
  3630 | D:7      | Reached ** piety under Uskayaw
  3741 | D:7      | Learned a level 2 spell: Wereblood
  3828 | D:7      | Found a runed translucent gate.
  3829 | D:7      | Found a runed translucent gate.
  3830 | D:7      | Found a runed translucent gate.
  3831 | D:7      | Noticed willcat's ghost (amateur HuDe)
  3832 | D:7      | Noticed Cancer's ghost (novice GrCj)
  3832 | D:7      | Noticed jasper's ghost (novice DsAr)
  3832 | D:7      | Noticed gorlok231's ghost (novice GnFi)
  3833 | D:7      | Identified the +10 arbalest of Agony {venom, Fly rPois
                  | rC+++ Stlth+}
  3833 | D:7      | Noticed meatgazer's ghost (novice DsAK)
  4005 | D:7      | Found a shimmering blue altar of Sif Muna.
  4027 | D:7      | Found a glowing golden altar of the Shining One.
  4084 | D:7      | Noticed Harold
  4097 | D:7      | Killed Harold
  4097 | D:7      | Reached *** piety under Uskayaw
  4098 | D:7      | Reached skill level 12 in Unarmed Combat
  4098 | D:7      | Reached skill level 1 in Invocations
  4152 | D:7      | Reached XP level 10. HP: 69/92 MP: 10/10
  4309 | D:2      | Found Qyotroph's Antique Weapon Shoppe.
  4647 | D:1      | Found a faded altar of an unknown god.
  5876 | D:3      | Found a hazy altar of Hepliaklqana.
  6633 | D:8      | Noticed a gargoyle
  6636 | D:8      | Noticed a cyclops
  6654 | D:8      | Killed a gargoyle
  6656 | D:8      | Killed a cyclops
  6916 | D:8      | Found a bloodstained altar of Trog.
  7361 | D:9      | Noticed a molten gargoyle
  7364 | D:9      | Noticed a molten gargoyle
  7365 | D:9      | Noticed a molten gargoyle
  7369 | D:9      | Killed a molten gargoyle
  7370 | D:9      | Reached skill level 5 in Dodging
  7550 | D:9      | Reached skill level 13 in Unarmed Combat
  7787 | D:9      | Noticed a molten gargoyle
  7793 | D:10     | Entered Level 10 of the Dungeon
  8356 | D:11     | Noticed a two-headed ogre
  8359 | D:11     | Killed a two-headed ogre
  8380 | D:11     | Noticed a cyclops
  8388 | D:11     | Killed a cyclops
  8408 | D:11     | Found Siriot's Assorted Antiques.
  8412 | D:11     | Bought a scroll labelled OFAANISMER for 26 gold pieces
  8412 | D:11     | Bought a scroll labelled DEULUMNIEREW for 26 gold pieces
  8412 | D:11     | Bought a dented platinum amulet for 130 gold pieces
  8412 | D:11     | Bought a scroll of identify for 52 gold pieces
  8412 | D:11     | Bought a wand of paralysis (7) for 52 gold pieces
  8412 | D:11     | Bought a scroll of fog for 52 gold pieces
  8412 | D:11     | Bought a potion of curing for 78 gold pieces
  8453 | D:11     | Noticed a cyclops
  8456 | D:11     | Noticed a white ugly thing
  8486 | D:11     | Noticed pokeman's ghost (journeyman DEWz)
  8523 | D:11     | Noticed a death drake
  8526 | D:11     | Found a transporter.
  8531 | D:11     | Found a transporter.
  8532 | D:11     | Noticed a water nymph
  8532 | D:11     | a death drake changed into a water nymph
  8535 | D:11     | Noticed a shining eye
  8535 | D:11     | a water nymph changed into a shining eye
  8536 | D:11     | Noticed an orc knight
  8539 | D:11     | Noticed a moth of wrath
  8539 | D:11     | a shining eye changed into a moth of wrath
  8540 | D:11     | Noticed an elephant
  8540 | D:11     | a moth of wrath changed into an elephant
  8544 | D:11     | an elephant changed into a jumping spider
  8551 | D:11     | Noticed an orb spider
  8628 | D:11     | Reached XP level 11. HP: 100/100 MP: 12/12
  8677 | D:11     | Noticed a brown ugly thing
  8692 | D:11     | Reached **** piety under Uskayaw
  8694 | D:11     | Killed a brown ugly thing
  8695 | D:11     | Reached ***** piety under Uskayaw
  8768 | D:11     | Found a staircase to the Lair.
  8781 | D:11     | Reached skill level 14 in Unarmed Combat
  8849 | D:11     | Noticed a five-headed hydra
  8897 | D:11     | Killed an eight-headed hydra
  9158 | D:11     | Noticed a deep troll
  9160 | D:11     | a deep troll changed into a floating eye
  9169 | D:11     | Noticed a sea snake
  9169 | D:11     | a floating eye changed into a sea snake
  9171 | D:11     | a sea snake changed into a wind drake
  9176 | D:11     | Noticed a harpy
  9176 | D:11     | a wind drake changed into a harpy
  9179 | D:11     | a harpy changed into a queen bee
  9317 | D:11     | Found a staircase to the Orcish Mines.
  9376 | D:11     | Reached skill level 15 in Unarmed Combat
  9376 | D:11     | Slain by an orc warrior

Illustrated notes

Levels and vault maps discovered:
D:1:      lemuel_arrival_behind_the_door_small, layout_loops_ring,
          hellmonk_ecumenical_altar_pennies_from_heaven
D:2:      layout_basic, serial_shops, nicolae_shop_waterfront
D:3:      layout_loops_ring, amcnicky_altar_gilded, grunt_ministairs_11,
          nrook_mini_vaults
D:4:      cheibrodos_barr_body, layout_basic, xom_redecorated,
          grunt_decor_junction, uniq_blork_the_orc
D:5:      layout_loops_ring, chequers_ossuary_entry_cave, nrook_mini_backslash,
          uniq_pikel
D:6:      layout_loops_cross, hangedman_decor_riveting, uniq_eustachio,
          uniq_maggie
D:7:      layout_cave_pools, mainiacjoe_overflow_swirl,
          minmay_temple_entry_arrows, gammafunk_ghost_cemetery, uniq_harold
D:8:      layout_basic, trog_book, skrybe_limestone_x, kennysheep_potato
D:9:      layout_irregular_city, minivault_8, uniq_grum
D:10:     layout_basic
D:11:     layout_loops_ring, erik_lair_island,
          kennysheep_orc_monster_closet_entryway, gammafunk_ghost_arena,
          serial_shops, shop, hangedman_abyss_or_decor_stagger
Temple:   minmay_crystal_spiral_temple

Skill      XL: |  1  2  3  4  5  6  7  8  9 10 11 |
---------------+----------------------------------+-----
Stealth        | 3 4 |  4.4
Dodging        | 2 3 4 5 6 |  6.1
Unarmed Combat | 3 4 6 7 10 12 13 15 | 15.0
Fighting       | 3 4 |  4.3
Invocations    | 1 3 4 |  4.1
Throwing       | |  0.1
Evocations     | |  0.5

Action                   |  1- 3 |  4- 6 |  7- 9 | 10-12 || total
-------------------------+-------+-------+-------+-------++-------
Melee: Unarmed           |    10 |   164 |   253 |   336 ||   763
       Punch             |       |     2 |     7 |    17 ||    26
Throw: Dart              |       |       |     1 |       ||     1
       Large rock        |       |       |       |     4 ||     4
Invok: Stomp             |       |       |     4 |    16 ||    20
Evoke: Wand              |       |     1 |       |    12 ||    13
  Use: Scroll            |     1 |     1 |     2 |    10 ||    14
       Potion            |       |       |     8 |     3 ||    11
 Stab: Sleeping          |       |     2 |     4 |    13 ||    19
       Paralysed         |       |       |       |     9 ||     9
       Distracted        |       |       |       |     1 ||     1
Armor: Robe              |     2 |    47 |    77 |   124 ||   250
Dodge: Dodged            |     2 |    50 |   122 |   220 ||   394

Table legend: (Time is in decaauts)
 A = Elapsed time spent in this place.
 B = Non-inter-level travel time spent in this place.
 C = Inter-level travel time spent in this place.
 D = Time resting spent in this place.
 E = Time spent auto-exploring this place.
 F = Levels seen in this place.
 G = Mean time per level.
                   A        B        C        D        E       F      G
               +--------+--------+--------+--------+--------+-----+--------+
         Total |   9239 |   8608 |    631 |    430 |   6015 |  13 |  710.7 |
       Dungeon |   8673 |   8117 |    556 |    416 |   5808 |  11 |  788.5 |
        Temple |    218 |    143 |     75 |      0 |    112 |   1 |  218.0 |
       Ossuary |    346 |    346 |      0 |     14 |     95 |   1 |  346.0 |
               +--------+--------+--------+--------+--------+-----+--------+

Top non-repeatable levels by time:
     D:4: 1314 daAuts
     D:5: 1009 daAuts
    D:11: 992 daAuts
     D:8: 845 daAuts
     D:2: 815 daAuts
     D:6: 780 daAuts
     D:7: 682 daAuts
     D:1: 630 daAuts
     D:3: 598 daAuts
    D:10: 557 daAuts
     D:9: 446 daAuts
 Ossuary: 346 daAuts
  Temple: 218 daAuts
